 Dungeon Crawl Stone Soup version 0.25-a0-73-g9796ba8d15 (webtiles) character file.

Game seed: 14527748514190215446, levelgen mode: deterministic

8251 Gargoyl the Cleaver (level 11, -6/89 HPs)
             Began as a Centaur Abyssal Knight on Nov 5, 2019.
             Was an Elder of Lugonu.
             Mangled by a black mamba (10 damage)
             ... on level 2 of the Lair of Beasts on Nov 6, 2019.
             The game lasted 00:16:43 (12499 turns).

Gargoyl the Cleaver (Centaur Abyssal Knight)       Turns: 12499, Time: 00:16:44

Health: -6/89      AC: 17    Str: 16    XL:     11   Next: 7%
Magic:  15/16      EV:  7    Int: 11    God:    Lugonu [****..]
Gold:   166        SH:  0    Dex:  9    Spells: 8/10 levels left

rFire    . . .     SeeInvis .   j - +6 hand axe (freeze)
rCold    . . .     Gourm    .   (no shield)
rNeg     . . .     Faith    .   d - +1 scale mail
rPois    .         Spirit   .   q - +2 helmet
rElec    .         Reflect  .   r - +2 cloak
rCorr    .         Harm     .   s - +2 pair of gloves
MR       .....                  (no barding)
Stlth    ..........             k - amulet of regeneration
HPRegen  0.64/turn              p - ring of wizardry
MPRegen  0.15/turn              (no ring)

@: lethally poisoned (-6 -> -14), very slightly contaminated, very heavily
drained, very quick
A: large, hooves 3, clumsy 1, deformed body, speed 2, mutation resistance 1,
tough skin 3
a: Depart the Abyss, Bend Space, Banish, Corrupt, Renounce Religion


You were on level 2 of the Lair of Beasts.
You worshipped Lugonu.
Lugonu was greatly pleased with you.
You were not hungry.

You visited 2 branches of the dungeon, and saw 11 of its levels.
You visited the Abyss 1 time.
You also visited: Ossuary.

You collected 616 gold pieces.
You spent 450 gold pieces at shops.

Inventory:

Hand Weapons
 a - a +2 hand axe
 j - a +6 hand axe of freezing (weapon)
 t - a +1 shortbow of freezing
 u - a +2 hand axe of freezing
 G - a +2 war axe of freezing
Missiles
 y - 8 boomerangs (quivered)
Armour
 d - a +1 scale mail (worn)
 q - a +2 helmet (worn)
 r - a +2 cloak (worn)
 s - a +2 pair of gloves (worn)
Jewellery
 k - an amulet of regeneration (around neck)
 p - a ring of wizardry (left hand)
Wands
 o - a wand of iceblast (11)
 E - a wand of digging (5)
 F - a wand of paralysis (9)
 H - a wand of random effects (21)
Scrolls
 b - 11 scrolls of remove curse
 h - 4 scrolls of teleportation
 i - 2 scrolls of magic mapping
 l - a scroll of identify
 m - 2 scrolls of fear
 n - a scroll of fog
 v - 2 scrolls of immolation
 B - 4 scrolls of blinking
Potions
 e - 2 potions of flight
 g - 5 potions of brilliance
 x - a potion of lignification {unknown}
 z - 5 potions of magic
 A - a potion of cancellation {unknown}
 C - a potion of ambrosia {unknown}
 D - a potion of haste {unknown}
Comestibles
 c - 18 rations


   Skills:
 + Level 6.3(2.7) Fighting
 + Level 8.3(4.6) Axes
 + Level 1.1(0.0) Throwing
 * Level 7.8(4.0) Armour
 * Level 4.8(1.3) Dodging
 + Level 1.1(0.0) Necromancy
 * Level 7.5(3.8) Invocations


You had 8 spell levels left.
You knew the following spells:

 Your Spells              Type           Power        Failure   Level  Hunger
a - Animate Skeleton      Necr           N/A          43%         1    ##.....
b - Summon Small Mammal   Summ           #...         43%         1    ##.....

Your spell library contained the following spells:

 Spells                   Type           Power        Failure   Level  Hunger
 Apportation              Tloc           #.....       43%         1    ##.....
 Confusing Touch          Hex            #.....       43%         1    ##.....


Dungeon Overview and Level Annotations

Branches:
Dungeon (9/15)             Temple (0/1) D:6            Lair (2/6) D:8
 Spider (0/4) Lair:2      Ossuary (visited)
  Swamp: Lair:2-4    Shoals: Lair:2-4       Orc: D:9-12

Altars:
Cheibriados
Dithmenos
Elyvilon
Fedhas
Gozag
Kikubaaqudgha
Nemelex Xobeh
Ru
Sif Muna
Uskayaw
Vehumet
Wu Jian
Xom
The Shining One

Shops:
D:7 (   D:8 =

Annotations:
Abyss:1 Joseph


Innate Abilities, Weirdness & Mutations

You have hooves in place of feet.
Armour fits poorly on your strangely shaped body.
You cover ground very quickly.
You have extremely tough skin. (AC +3)
You are clumsy. (Dex -2)
You are somewhat resistant to further mutation.


Message History

The black mamba bites you!
* * * LOW HITPOINT WARNING * * *
The black mamba bites you but does no damage.
You closely miss the black mamba.
The black mamba is severely wounded.
The black mamba is no longer moving slowly.
The black mamba bites you but does no damage.
You slash the black mamba! You freeze the black mamba.
Your kick misses the black mamba.
The black mamba is almost dead.
The black mamba bites you.
* * * LOW HITPOINT WARNING * * *
You are poisoned.
The black mamba poisons you! The black mamba bites you!
* * * LOW HITPOINT WARNING * * *
You feel better. The black mamba bites you!
* * * LOW HITPOINT WARNING * * *
You are lethally poisoned!
The black mamba poisons you! The black mamba bites you!
You die...

#.......... #...##
#.........# #......#
#.......# ##......##
#.....# #......... #...#
##.........
###.P.###..........
##...##..%.......... #
##P.#####............
####.....###....@..?....
..#...#.###...../S..!...
....#.### ###...........
..##### ##....../... ###
##........# ........##
##########


You could see a black mamba.

Vanquished Creatures
  A two-headed ogre (D:8)
  Sonja (Lair:1)
  An elephant (D:7)
  A black mamba (Lair:1)
  A komodo dragon (Lair:1)
  Grinder (D:4)
  A spriggan (D:7)
  9 yaks (Lair:1)
  A basilisk (D:8)
  2 water moccasins (Lair:1)
  A porcupine (Lair:1)
  2 black bears
  An orc warrior (D:4)
  2 ice beasts
  A necrophage (D:6)
  2 sky beasts
  2 ogres
  A centaur (D:6)
  4 crocodiles
  3 elf zombies (Ossuary)
  9 bullfrogs
  4 scorpions
  5 centaur zombies (Ossuary)
  6 howler monkeys
  A bullfrog zombie (D:6)
  3 crimson imps
  6 orc priests
  A hound (D:4)
  An orc wizard (D:4)
  4 human zombies (Ossuary)
  Crazy Yiuf (D:3)
  A bullfrog skeleton (D:7)
  A centaur skeleton (D:4)
  An iguana (D:5)
  Natasha (thrice) (D:3)
  4 worker ants
  3 mummies (Ossuary)
  2 hound skeletons
  10 adders
  2 shadow imps (D:7)
  An ooze (D:6)
  An adder zombie (D:5)
  2 worms (D:2)
  3 dart slugs
  6 leopard geckos
  17 orcs
  9 giant cockroaches
  11 hobgoblins
  24 jackals
  4 quokkas
  A ball python (D:1)
  9 bats
  8 frilled lizards
  7 goblins
  6 kobolds
  A quokka skeleton (D:4)
  6 rats
  A fungus (Lair:2)
  A plant (Lair:1)
224 creatures vanquished.

Vanquished Creatures (collateral kills)
  A yak (Lair:1)
1 creature vanquished.

Vanquished Creatures (others)
  A wolf spider (Lair:2)
  A yak (D:7)
  3 plants (Lair:1)
5 creatures vanquished.

Grand Total: 230 creatures vanquished

Notes
Turn   | Place    | Note
-------+----------+-------------------------------------------
     0 | Abyss:1  | Gargoyl the Centaur Abyssal Knight began the quest for the
                  | Orb.
     0 | Abyss:1  | Reached XP level 1. HP: 19/19 MP: 2/2
   113 | Abyss:1  | Noticed a large abomination
   164 | Abyss:1  | Noticed a starcursed mass
   172 | Abyss:1  | Noticed a wretched star
   175 | D:1      | Escaped the Abyss
   424 | D:1      | Reached * piety under Lugonu
   579 | D:1      | Reached skill level 2 in Axes
   579 | D:1      | Reached XP level 2. HP: 22/26 MP: 3/3
   875 | D:1      | Reached skill level 1 in Dodging
   913 | D:1      | Reached XP level 3. HP: 30/31 MP: 4/4
   976 | D:1      | You fall into a shaft and drop 1 floor!
  1020 | D:2      | Found a sparkling altar of Nemelex Xobeh.
  1522 | D:1      | Reached ** piety under Lugonu
  1875 | D:2      | Reached XP level 4. HP: 38/38 MP: 5/5
  1999 | D:2      | Found a white marble altar of Elyvilon.
  2334 | D:2      | Found a white marble altar of Elyvilon.
  2334 | D:2      | Found an opulent altar of Gozag.
  2494 | D:3      | Noticed Natasha
  2507 | D:3      | Killed Natasha
  2508 | D:3      | Reached XP level 5. HP: 27/45 MP: 6/6
  2686 | D:3      | Found a shadowy altar of Dithmenos.
  2687 | D:3      | Found a glowing golden altar of the Shining One.
  2688 | D:3      | Found an ancient bone altar of Kikubaaqudgha.
  2688 | D:3      | Found a radiant altar of Vehumet.
  2688 | D:3      | Found a shimmering blue altar of Sif Muna.
  2689 | D:3      | Found a shimmering altar of Xom.
  2705 | D:3      | Noticed Natasha
  2716 | D:3      | Killed Natasha
  2842 | D:3      | Reached *** piety under Lugonu
  2992 | D:3      | Reached skill level 3 in Axes
  3390 | D:3      | Noticed Natasha
  3397 | D:3      | Killed Natasha
  3556 | D:3      | Found a runed translucent door.
  3557 | D:3      | Noticed Crazy Yiuf
  3798 | D:3      | Killed Crazy Yiuf
  4043 | D:4      | Reached XP level 6. HP: 52/52 MP: 8/8
  4127 | D:4      | Noticed an orc warrior
  4237 | D:4      | Killed an orc warrior
  4654 | D:4      | Reached skill level 4 in Axes
  4654 | D:4      | Reached XP level 7. HP: 30/58 MP: 9/9
  4824 | D:4      | Noticed Grinder
  4850 | D:4      | Killed Grinder
  5536 | D:5      | Entered Level 5 of the Dungeon
  5704 | D:5      | Reached XP level 8. HP: 67/67 MP: 9/11
  5724 | D:5      | Found a sand-covered staircase.
  5729 | Ossuary  | Entered an ossuary
  5770 | Ossuary  | Reached skill level 5 in Axes
  6184 | D:5      | Reached **** piety under Lugonu
  6696 | D:5      | Reached skill level 5 in Armour
  6898 | D:6      | Found a staircase to the Ecumenical Temple.
  6928 | D:6      | Reached skill level 5 in Fighting
  6928 | D:6      | Reached skill level 6 in Axes
  6928 | D:6      | Reached skill level 5 in Invocations
  6933 | D:6      | Found a sacrificial altar of Ru.
  6972 | D:6      | Found a blossoming altar of Fedhas.
  7011 | D:6      | Reached XP level 9. HP: 52/74 MP: 12/12
  7017 | D:6      | Found a snail-covered altar of Cheibriados.
  7282 | D:6      | Found an ornate altar of the Wu Jian Council.
  7284 | D:6      | Found a blossoming altar of Fedhas.
  7293 | D:6      | Found a hide-covered altar of Uskayaw.
  8072 | D:7      | Reached ***** piety under Lugonu
  8139 | D:7      | Reached skill level 7 in Axes
  8224 | D:7      | Found Jipril's Weapon Shoppe.
  8236 | D:7      | Identified a scroll of acquirement
  8835 | D:8      | Noticed an elephant
  8837 | D:8      | Found a staircase to the Lair.
  9246 | D:7      | Killed an elephant
  9246 | D:7      | Reached XP level 10. HP: 40/83 MP: 14/14
  9622 | D:8      | Noticed Joseph
  9650 | D:8      | Gained mutation: You are clumsy. (Dex -2) [potion of
                  | mutation]
  9650 | D:8      | Gained mutation: You are somewhat resistant to further
                  | mutation. [potion of mutation]
  9653 | D:8      | Banished Joseph
 10122 | D:8      | Noticed a two-headed ogre
 10133 | D:8      | Killed a two-headed ogre
 10456 | D:8      | Found Dusyth's Jewellery Shop.
 10461 | D:8      | Bought an uncursed amulet of regeneration for 450 gold
                  | pieces
 10674 | Lair:1   | Entered Level 1 of the Lair of Beasts
 10674 | Lair:1   | Noticed a black mamba
 10686 | Lair:1   | Killed a black mamba
 11120 | Lair:1   | Learned a level 1 spell: Animate Skeleton
 11128 | Lair:1   | Learned a level 1 spell: Summon Small Mammal
 11247 | Lair:1   | Reached skill level 1 in Throwing
 11252 | Lair:1   | Reached skill level 8 in Axes
 11320 | Lair:1   | Noticed Sonja
 11347 | Lair:1   | Killed Sonja
 11545 | Lair:1   | Reached XP level 11. HP: 26/89 MP: 16/16
 12079 | Lair:2   | Reached skill level 1 in Necromancy
 12388 | Lair:2   | Found a hole to the Spider Nest.
 12388 | Lair:2   | Noticed a wolf spider
 12395 | Lair:2   | Banished a wolf spider
 12499 | Lair:2   | HP: 4/89 [black mamba (12)]
 12499 | Lair:2   | Mangled by a black mamba

Levels and vault maps discovered:
D:1:      dpeg_arrival_tiny_e, layout_basic, serial_bayou, serial_bayou_pond_d,
          serial_bayou_pond_d, serial_bayou_shore_b, serial_bayou_pond_d
D:2:      layout_loops_ring, lemuel_round_altar,
          gammafunk_temple_overflow_elements, elyvilon_altar_5
D:3:      layout_basic, minitemple, uniq_crazy_yiuf_cottage, uniq_natasha
D:4:      layout_cave_pools, uniq_grinder
D:5:      layout_basic, enter_ossuary_2, first_ration
D:6:      layout_rooms, hangedman_ru_absence, old_standard_altar,
          chequers_temple_overflow_statue_of_worship, cheibriados_altar_1,
          minmay_temple_entry_sparse_star, fedhas_altar_1
D:7:      layout_basic, serial_shops, kennysheep_mini,
          kennysheep_decorative_pillar, the_bakery, minmay_misc_feat_pillars,
          st_stairs_1
D:8:      layout_basic, david_lair_generic, serial_shops, nicolae_shop_crystal,
          moated_statue, kennysheep_generic_room_5, uniq_joseph
D:9:      layout_loops_corners, uniq_harold
Lair:1:   layout_regular_city, hangedman_lair_unloving_vines, uniq_sonja
Lair:2:   layout_cave_pods, spider_nest_entry_rubble

Skill      XL: |  1  2  3  4  5  6  7  8  9 10 11 |
---------------+----------------------------------+-----
Axes           | 2 3 4 6 7 8 |  8.3
Dodging        | 1 2 3 4 |  4.8
Armour         | 2 3 4 5 6 7 |  7.8
Invocations    | 3 4 5 6 7 |  7.5
Fighting       | 4 5 6 |  6.3
Throwing       | 1 |  1.1
Necromancy     | 1 |  1.1

Action                   |  1- 3 |  4- 6 |  7- 9 | 10-12 || total
-------------------------+-------+-------+-------+-------++-------
Melee: Hand axe          |   106 |   149 |   356 |   179 ||   790
       Kick              |    17 |    29 |   109 |    33 ||   188
Throw: Boomerang         |       |       |       |     7 ||     7
 Cast: Animate Skeleton  |       |       |       |     8 ||     8
Invok: Depart the Abyss  |     1 |       |       |       ||     1
       Banish            |       |       |     3 |     2 ||     5
Evoke: Wand              |       |     1 |       |       ||     1
  Use: Scroll            |     6 |     2 |    19 |     2 ||    29
       Potion            |       |       |     2 |     7 ||     9
 Stab: Distracted        |       |       |       |     1 ||     1
  Eat: Chunk             |     2 |     7 |     9 |     5 ||    23
       Ration            |       |       |     2 |     1 ||     3
Armor: Scale mail        |    55 |   110 |   238 |    96 ||   499
Dodge: Dodged            |    56 |    55 |   125 |    69 ||   305

Table legend:
 A = Non-vault XP
 B = Vault XP
 C = Vault XP percentage of total XP
 D = Non-vault monster count
 E = Vault monster count
 F = Vault count percentage of total count
                 A         B        C        D         E       F
            +---------+---------+-------+---------+---------+-------
      Total |    8328 |    3460 |  29.4 |     197 |      29 |  12.8
            +---------+---------+-------+---------+---------+-------
        D:1 |      60 |       0 |   0.0 |      34 |       0 |   0.0
        D:2 |      90 |       0 |   0.0 |      29 |       0 |   0.0
        D:3 |     125 |      75 |  37.5 |      20 |       2 |   9.1
        D:4 |     533 |     300 |  36.0 |      25 |       1 |   3.8
        D:5 |     567 |       0 |   0.0 |      14 |       0 |   0.0
        D:6 |    1658 |       0 |   0.0 |      28 |       0 |   0.0
        D:7 |     611 |     807 |  56.9 |      19 |       4 |  17.4
        D:8 |    1038 |     682 |  39.7 |       8 |       5 |  38.5
     Lair:1 |    3244 |     506 |  13.5 |      16 |       1 |   5.9
     Lair:2 |     402 |     357 |  47.0 |       4 |       1 |  20.0
    Ossuary |       0 |     733 | 100.0 |       0 |      15 | 100.0
            +---------+---------+-------+---------+---------+-------
